 Dungeon Crawl Stone Soup version 0.29-a0-384-g6960b1960d (webtiles) character file.

Game seed: 10295049003034972290

409 spaghetti the Archer (level 6, 41/47 HPs)
             Began as a Gnoll Wanderer on May 6, 2022.
             Quit the game on level 4 of the Dungeon.
             The game lasted 00:06:43 (3181 turns).

spaghetti the Archer (Gnoll Wanderer)               Turns: 3181, Time: 00:06:44

Health: 41/47      AC:  4    Str: 13    XL:     6   Next: 89%
Magic:  11/11      EV: 13    Int: 10    God:
Gold:   132        SH:  0    Dex: 13    Spells: 11/12 levels left

rFire   . . .      SeeInvis .   a - +2 shortbow {bow}
rCold   . . .      Faith    .   (shield currently unavailable)
rNeg    . . .      Spirit   .   e - +0 leather armour
rPois   .          Reflect  .   b - +0 helmet
rElec   .          Harm     .   (no cloak)
rCorr   .          Rampage  .   (no gloves)
Will    .....                   (no boots)
Stlth   ++........              (no amulet)
HPRegen 0.15/turn               (no ring)
MPRegen 0.12/turn               (no ring)

@: no status effects
A: fangs 1, strong nose, distributed training
a: no special abilities


You were on level 4 of the Dungeon.
You visited 1 branch of the dungeon, and saw 4 of its levels.

You collected 132 gold pieces.


Innate Abilities, Weirdness & Mutations

You have very sharp teeth.
Your uncanny sense of smell can sniff out nearby items.
Your experience applies equally to all skills.


   Skills:
 + Level 3.4 Fighting
 + Level 2.1 Short Blades
 + Level 2.1 Long Blades
 + Level 2.1 Axes
 + Level 2.1 Maces & Flails
 + Level 2.1 Polearms
 + Level 2.1 Staves
 + Level 2.1 Slings
 + Level 8.8 Bows
 + Level 2.1 Crossbows
 + Level 2.1 Throwing
 + Level 2.1 Armour
 + Level 5.1 Dodging
 + Level 2.1 Stealth
 + Level 2.1 Shields
 + Level 2.1 Unarmed Combat
 + Level 3.5 Spellcasting
 + Level 1.7 Conjurations
 + Level 1.7 Hexes
 + Level 1.7 Summonings
 + Level 1.7 Necromancy
 + Level 1.7 Translocations
 + Level 1.7 Transmutations
 + Level 1.7 Fire Magic
 + Level 1.7 Ice Magic
 + Level 1.7 Air Magic
 + Level 2.7 Earth Magic
 + Level 1.7 Poison Magic
 + Level 3.5 Invocations
 + Level 2.1 Evocations


You had 11 spell levels left.
You knew the following spells:

 Your Spells              Type           Power      Damage    Failure   Level
a - Sandblast             Erth           14%        2d6       11%         1

Your spell library contained the following spells:

 Spells                   Type           Power      Damage    Failure   Level
 Stone Arrow              Conj/Erth      12%        3d7       38%         3

Inventory:

Hand Weapons
 a - a +2 shortbow (weapon) {bow}
 f - a +2 rapier of electrocution {short}
   (You found it on level 3 of the Dungeon)
 q - a +1 hunting sling of freezing {sling}
   (You found it on level 2 of the Dungeon)
Missiles
 d - 172 stones {throwing}
 s - 10 poisoned darts {throwing}
Armour
 b - a +0 helmet (worn)
 e - a +0 leather armour (worn)
Magical Staves
 v - a staff of poison {!astaff}
   (You found it on level 3 of the Dungeon)
Jewellery
 g - an amulet of reflection
   (You took it off an orc on level 3 of the Dungeon)
Scrolls
 h - a scroll of brand weapon
 j - 2 scrolls of vulnerability {!r!r}
 k - a scroll of fog
 l - 4 scrolls of teleportation {@r4}
 o - 2 scrolls of blinking {!r}
 p - a scroll of poison {!r}
 w - a scroll of immolation {unknown}
Potions
 c - 4 potions of curing {@q1}
 i - a potion of attraction {!q}
 m - 2 potions of ambrosia {unknown}
 n - a potion of invisibility {unknown}
 r - 2 potions of degeneration {unknown}
 t - 2 potions of brilliance {unknown}
 u - a potion of might {unknown}
 x - a potion of flight {unknown}

Dungeon Overview and Level Annotations

Branches:
Dungeon (4/15)
 Temple: D:4-7

Altars:
Kikubaaqudgha
Nemelex Xobeh

#..............##
#...............#
#...............#
#.....).........#
#..............######
#..............##....
#..............#.....
#.........>....'.....
#...@..........#.....
#..##S.........##'###
#..# ...##.....##..##
#... ...#########....
#... ..... +.....
#### ...... ##..##
....... #..## ...$...
#..#. #..#.


You could see a water moccasin.


Message History

You kill the adder! 😎 MP[-1]
You lost 1 mp, and now have 7/11 mp.
You hear the slow rusting of a drain very nearby.
You now have 115 gold pieces (gained 15).
Found a stone staircase leading down. 😎 MP[+4]
Your mp is fully restored (11).
Unknown command.
Unknown command.
Found a stone staircase leading up.
You now have 121 gold pieces (gained 6).
A ball python comes into view.
Unknown command.
You shoot an arrow. The arrow hits the ball python.
You kill the ball python!
No target in view!
No target in view!
No target in view!
No target in view!
No target in view!
No target in view!
A ball python comes into view.
A ball python is nearby!
You shoot an arrow. The arrow hits the ball python!
You kill the ball python!
As you open the door, it creaks loudly!
You hear the slow rusting of a very distant drain.
There is an open door here.
You open the door.
A jackal comes into view. x2
Found an escape hatch in the floor.
There are monsters nearby!
You shoot an arrow. The arrow barely misses the jackal.
The jackal barks! x2; You hear a bark!
You shoot an arrow. The arrow barely misses the jackal.
A jackal comes into view. x2
You shoot an arrow. The arrow misses the jackal.
The jackal barks!
The arrow hits the jackal!
You kill the jackal!
The jackal bites you but does no damage.
You shoot an arrow.
The arrow hits the jackal but does no damage.
The jackal misses you.
You shoot an arrow. The arrow hits the jackal!
You kill the jackal!
The jackal completely misses you.
You shoot an arrow. The arrow hits the jackal.
The jackal barely misses you. x2
You shoot an arrow. The arrow closely misses the jackal.
The jackal closely misses you. The jackal misses you.
You shoot an arrow. The arrow hits the jackal.
The jackal misses you.
The jackal closely misses you. x2; The jackal barely misses you.
You shoot an arrow. The arrow closely misses the jackal.
The jackal barely misses you.
The jackal bites you but does no damage.
The jackal bites you. 😕 HP[-1]
You take 1 damage, and now have 46/47 hp.
You shoot an arrow. The arrow barely misses the jackal.
The jackal misses you. The jackal closely misses you.
The jackal misses you. 😎 HP[+1]
Your hp is fully restored (47).
You shoot an arrow. The arrow hits the jackal.
You kill the jackal!
The jackal barely misses you. x2
You shoot an arrow. The arrow hits the jackal.
The jackal closely misses you. The jackal bites you. 😕 HP[-1]
You take 1 damage, and now have 46/47 hp.
You shoot an arrow. The arrow closely misses the jackal.
The jackal completely misses you.
You shoot an arrow.
The arrow hits the jackal but does no damage.
The jackal misses you. The jackal barely misses you.
You shoot an arrow. The arrow hits the jackal!
You kill the jackal!
No target in view!
There is an open door, spattered with blood here.
You now have 132 gold pieces (gained 11).
You hear the slow rusting of a very distant drain.
A water moccasin comes into view. 😎 HP[+1]
Your hp is fully restored (47).
A water moccasin is nearby!
You shoot an arrow. The arrow hits the water moccasin.
The water moccasin hisses angrily.
You shoot an arrow.
The arrow barely misses the water moccasin.
An endoplasm comes into view.
You shoot an arrow. The endoplasm quivers.
The arrow hits the endoplasm!
You kill the endoplasm!
You shoot an arrow. The arrow hits the water moccasin.
The water moccasin bites you. 😕 HP[-6]
You take 6 damage, and now have 41/47 hp.
You are too injured to fight recklessly!
Are you sure you want to abandon this character and quit the game? (Confirm with "yes".)

Skill      XL: |  1  2  3  4  5  6 |
---------------+-------------------+-----
Earth Magic    | 2 |  2.7
Short Blades   | 1 2 |  2.1
Long Blades    | 1 2 |  2.1
Axes           | 1 2 |  2.1
Maces & Flails | 1 2 |  2.1
Polearms       | 1 2 |  2.1
Staves         | 1 2 |  2.1
Slings         | 1 2 |  2.1
Crossbows      | 1 2 |  2.1
Throwing       | 1 2 |  2.1
Armour         | 1 2 |  2.1
Stealth        | 1 2 |  2.1
Shields        | 1 2 |  2.1
Unarmed Combat | 1 2 |  2.1
Evocations     | 1 2 |  2.1
Spellcasting   | 3 |  3.5
Conjurations   | 1 |  1.7
Hexes          | 1 |  1.7
Summonings     | 1 |  1.7
Necromancy     | 1 |  1.7
Translocations | 1 |  1.7
Transmutations | 1 |  1.7
Fire Magic     | 1 |  1.7
Ice Magic      | 1 |  1.7
Air Magic      | 1 |  1.7
Poison Magic   | 1 |  1.7
Invocations    | 3 |  3.5
Fighting       | 3 |  3.4
Dodging        | 5 |  5.1
Bows           | |  8.8

Action                   |  1- 3 |  4- 6 || total
-------------------------+-------+-------++-------
 Fire: Shortbow          |    55 |   141 ||   196
 Cast: Sandblast         |     6 |    23 ||    29
  Use: Scroll            |       |     6 ||     6
       Potion            |       |     2 ||     2
Armor: Leather armour    |     2 |    25 ||    27
Dodge: Dodged            |     3 |    79 ||    82

Levels and vault maps discovered:
D:1:      eino_arrival_cavern_c, layout_loops_cross,
          shapermc_ecumenical_altar_ellora
D:2:      layout_loops_ring, minmay_fountain_box, uniq_natasha
D:3:      minmay_razor_zed, layout_loops_ring, overflow_temple_1_default,
          kennysheep_vampire_church
D:4:      layout_gridville, nicolae_vehumet_radiance, gup_sewer_entry_spiral

Notes
Turn   | Place    | Note
-------+----------+-------------------------------------------
     0 | D:1      | spaghetti the Gnoll Wanderer began the quest for the Orb.
     0 | D:1      | spaghetti set off with the following items: a +2 shortbow
                  | {bow}, a +0 helmet, a potion of curing {@q1}, 32 stones
                  | {throwing}, a +0 leather armour; and the following spell
                  | memorised: Sandblast; and the following spells available to
                  | memorise: Stone Arrow
     0 | D:1      | Reached XP level 1. HP: 17/17 MP: 4/4
     0 | D:1      | magus.rc [v1.9.6]
   136 | D:1      | Reached skill level 2 in Earth Magic
   262 | D:1      | Reached XP level 2. HP: 23/23 MP: 5/5
   363 | D:1      | Found a faded altar of an unknown god.
   937 | D:2      | Reached XP level 3. HP: 28/28 MP: 7/7
   957 | D:2      | Noticed Natasha
   963 | D:2      | Killed Natasha
   964 | D:2      | Reached skill level 1 in Short Blades
   964 | D:2      | Reached skill level 1 in Long Blades
   964 | D:2      | Reached skill level 1 in Axes
   964 | D:2      | Reached skill level 1 in Maces & Flails
   964 | D:2      | Reached skill level 1 in Polearms
   964 | D:2      | Reached skill level 1 in Staves
   964 | D:2      | Reached skill level 1 in Slings
   964 | D:2      | Reached skill level 1 in Crossbows
   964 | D:2      | Reached skill level 1 in Throwing
   964 | D:2      | Reached skill level 1 in Armour
   964 | D:2      | Reached skill level 1 in Stealth
   964 | D:2      | Reached skill level 1 in Shields
   964 | D:2      | Reached skill level 1 in Unarmed Combat
   964 | D:2      | Reached skill level 1 in Evocations
  1239 | D:2      | Noticed Natasha
  1243 | D:2      | Killed Natasha
  1244 | D:2      | Reached skill level 3 in Spellcasting
  1244 | D:2      | Reached XP level 4. HP: 34/34 MP: 8/8
  1457 | D:2      | Reached skill level 1 in Conjurations
  1457 | D:2      | Reached skill level 1 in Hexes
  1457 | D:2      | Reached skill level 1 in Summonings
  1457 | D:2      | Reached skill level 1 in Necromancy
  1457 | D:2      | Reached skill level 1 in Translocations
  1457 | D:2      | Reached skill level 1 in Transmutations
  1457 | D:2      | Reached skill level 1 in Fire Magic
  1457 | D:2      | Reached skill level 1 in Ice Magic
  1457 | D:2      | Reached skill level 1 in Air Magic
  1457 | D:2      | Reached skill level 1 in Poison Magic
  1637 | D:3      | Found a sparkling altar of Nemelex Xobeh.
  1661 | D:3      | Reached skill level 3 in Invocations
  1661 | D:3      | Reached XP level 5. HP: 40/40 MP: 9/9
  1847 | D:3      | Found an ancient bone altar of Kikubaaqudgha.
  1849 | D:3      | Reached skill level 3 in Fighting
  1930 | D:3      | Noticed an ogre
  1935 | D:3      | Killed an ogre
  1936 | D:3      | Reached skill level 5 in Dodging
  1936 | D:3      | Reached XP level 6. HP: 47/47 MP: 9/11
  2053 | D:3      | Reached skill level 2 in Short Blades
  2053 | D:3      | Reached skill level 2 in Long Blades
  2053 | D:3      | Reached skill level 2 in Axes
  2053 | D:3      | Reached skill level 2 in Maces & Flails
  2053 | D:3      | Reached skill level 2 in Polearms
  2053 | D:3      | Reached skill level 2 in Staves
  2053 | D:3      | Reached skill level 2 in Slings
  2053 | D:3      | Reached skill level 2 in Crossbows
  2053 | D:3      | Reached skill level 2 in Throwing
  2053 | D:3      | Reached skill level 2 in Armour
  2053 | D:3      | Reached skill level 2 in Stealth
  2053 | D:3      | Reached skill level 2 in Shields
  2053 | D:3      | Reached skill level 2 in Unarmed Combat
  2053 | D:3      | Reached skill level 2 in Evocations
  3176 | D:4      | Noticed a water moccasin
  3181 | D:4      | Quit the game

Vanquished Creatures
  An ogre (D:3)
  2 vampire bats (D:3)
  A jelly (D:3)
  Natasha (twice) (D:2)
  7 adders
  2 dart slugs
  4 orcs (D:3)
  6 ball pythons
  8 bats
  5 bat skeletons (D:3)
  A bat zombie (D:3)
  7 endoplasms
  4 giant cockroaches
  8 goblins
  7 hobgoblins
  7 jackals
  A quokka (D:1)
  A frilled lizard (D:2)
  10 kobolds
  A rat (D:1)
85 creatures vanquished.

Table legend:
 A = Non-vault XP
 B = Vault XP
 C = Vault XP percentage of total XP
 D = Non-vault monster count
 E = Vault monster count
 F = Vault count percentage of total count
                 A         B        C        D         E       F
            +---------+---------+-------+---------+---------+-------
      Total |     324 |     261 |  44.6 |      62 |      23 |  27.1
            +---------+---------+-------+---------+---------+-------
        D:1 |      28 |       0 |   0.0 |      15 |       0 |   0.0
        D:2 |      84 |      36 |  30.0 |      20 |       1 |   4.8
        D:3 |     185 |     225 |  54.9 |      19 |      22 |  53.7
        D:4 |      27 |       0 |   0.0 |       8 |       0 |   0.0
            +---------+---------+-------+---------+---------+-------

Illustrated notes

Table legend:
 A = Kills in this place as a percentage of kills in entire the game.
 B = Kills by you in this place as a percentage of kills by you in the entire game.
 C = Kills by friends in this place as a percentage of kills by friends in the entire game.
 D = Other kills in this place as a percentage of other kills in the entire game.
 E = Experience gained in this place as a percentage of experience gained in the entire game.
 F = Experience gained in this place divided by the number of levels of this place that you have seen.
                   A       B       C       D       E      F
               +-------+-------+-------+-------+-------+----------------------
         Total | 100.0 | 100.0 |   N/A |   N/A | 100.0 | 146.2
       Dungeon | 100.0 | 100.0 |   N/A |   N/A | 100.0 | 146.2
               +-------+-------+-------+-------+-------+----------------------

Table legend: (Time is in decaauts)
 A = Elapsed time spent in this place.
 B = Non-inter-level travel time spent in this place.
 C = Inter-level travel time spent in this place.
 D = Time resting spent in this place.
 E = Time spent auto-exploring this place.
 F = Levels seen in this place.
 G = Mean time per level.
                   A        B        C        D        E       F      G
               +--------+--------+--------+--------+--------+-----+--------+
         Total |   3200 |   3086 |    114 |    200 |   2492 |   4 |  800.0 |
       Dungeon |   3200 |   3086 |    114 |    200 |   2492 |   4 |  800.0 |
               +--------+--------+--------+--------+--------+-----+--------+

Top non-repeatable levels by time:
     D:3: 1397 daAuts
     D:1: 865 daAuts
     D:2: 780 daAuts
     D:4: 157 daAuts
